 Dungeon Crawl Stone Soup version 0.29-a0-100-g60f898f876 (webtiles) character file.

Game seed: 649874228949051707

94 cyrus the Poker (level 4, -3/37 HPs)
             Began as a Merfolk Fighter on Feb 14, 2022.
             Slain by a phantom (4 damage)
             ... on level 4 of the Dungeon.
             The game lasted 00:05:02 (2497 turns).

cyrus the Poker (Merfolk Fighter)                   Turns: 2497, Time: 00:05:03

Health: -3/37      AC: 10    Str: 18    XL:     4   Next: 63%
Magic:  4/4        EV:  6    Int:  7    God:
Gold:   78         SH:  4    Dex: 13    Spells: 3/3 levels left

rFire   . . .      SeeInvis .   a - +0 trident
rCold   . . .      Faith    .   c - +0 buckler
rNeg    . . .      Spirit   .   h - +0 chain mail
rPois   .          Reflect  .   (no helmet)
rElec   .          Harm     .   (no cloak)
rCorr   .          Rampage  .   g - +0 pair of gloves
Will    .....                   (no boots)
Stlth   ..........              (no amulet)
HPRegen 0.12/turn               (no ring)
MPRegen 0.09/turn               (no ring)

@: no status effects
A: (nimble swimmer 2), mertail
a: no special abilities


You were on level 4 of the Dungeon.
You visited 1 branch of the dungeon, and saw 4 of its levels.

You collected 78 gold pieces.

Inventory:

Hand Weapons
 a - a +0 trident (weapon)
Armour
 b - a +0 scale mail
 c - a +0 buckler (worn)
 g - a +0 pair of gloves (worn)
 h - a +0 chain mail (worn)
Scrolls
 f - 4 scrolls of teleportation {unknown}
 i - a scroll of torment {unknown}
 j - a scroll of holy word {unknown}
 o - a scroll of vulnerability {unknown}
 p - a scroll of enchant weapon {unknown}
 q - a scroll of blinking {unknown}
Potions
 d - a potion of degeneration {unknown}
 e - a potion of ambrosia {unknown}
 k - 2 potions of curing {unknown}
 l - a potion of heal wounds {unknown}
 m - a potion of flight {unknown}
 n - 3 potions of mutation {unknown}


   Skills:
 + Level 3.9 Fighting
 + Level 4.0 Polearms
 + Level 3.1 Armour
 + Level 0.3 Dodging
 + Level 3.2 Shields


You had 3 spell levels left.
You didn't know any spells.
Your spell library contained the following spells:

 Spells                   Type           Power      Damage    Failure   Level
 Freeze                   Ice            0%         1d3       100%        1
 Frozen Ramparts          Ice            0%         1d2       100%        3
 Hailstorm                Conj/Ice       0%         3d3       100%        4


Dungeon Overview and Level Annotations

Branches:
Dungeon (4/15)
 Temple: D:4-7

Altars:

Shops:
D:1 *


Innate Abilities, Weirdness & Mutations

((You are very nimble when in or above water. (Stealth+, EV+, Speed+++)))
Your lower body shifts to a powerful aquatic tail in water.


Message History

The adder skeleton is almost destroyed.
The adder skeleton bites you.
A giant cockroach comes into view.
The phantom hits you. The adder skeleton barely misses you.
You hit the adder skeleton.
You destroy the adder skeleton!
The phantom hits you!
The phantom blinks!
You blink.
You barely miss the ogre.
The giant cockroach bites you but does no damage.
You block the phantom's attack. You block the ogre's attack.
The necrophage hits you but does no damage.
You block the giant cockroach's attack.
You hit the ogre.
The ogre is lightly wounded.
You block the phantom's attack. The ogre hits you but does no damage.
The giant cockroach bites you but does no damage.
The necrophage closely misses you. The goblin hits you but does no damage.
The phantom hits you but does no damage.
You puncture the ogre!
The ogre is heavily wounded.
The giant cockroach barely misses you. The necrophage barely misses you.
You block the goblin's attack.
The ogre hits you with a +0 giant spiked club!!
Ouch! That really hurt!
* * * LOW HITPOINT WARNING * * *
The phantom hits you but does no damage.
The giant cockroach closely misses you.
You puncture the ogre!
The ogre is severely wounded.
The necrophage hits you but does no damage.
You block the goblin's attack. The ogre barely misses you.
The phantom completely misses you.
The giant cockroach bites you but does no damage.
The necrophage barely misses you.
You closely miss the ogre.
The ogre is severely wounded.
You block the goblin's attack.
The giant cockroach bites you but does no damage.
The phantom hits you.
You die...

#.... #####
#############
##...###........####
##.....##...#......##
#.......#...##.....##
#...Z.K.'...##......#
#...Sgo.#...####.....
#.gBng##...# ######
#W@O# #...# # #####
#...# # #...# # #...'
# # # # ##### #....


You could see a phantom, an ogre, a necrophage, an orc, a giant cockroach, 2
hobgoblins, a goblin, a ball python, a kobold and a water moccasin skeleton.

Vanquished Creatures
  An iguana (D:4)
  2 adders
  An adder skeleton (D:4)
  2 dart slugs
  8 endoplasms
  3 giant cockroaches (D:1)
  2 goblins
  2 hobgoblins
  6 ball pythons
  4 bats
  2 frilled lizards
  5 kobolds
  5 rats
43 creatures vanquished.

Notes
Turn   | Place    | Note
-------+----------+-------------------------------------------
     0 | D:1      | cyrus the Merfolk Fighter began the quest for the Orb.
     0 | D:1      | Reached XP level 1. HP: 18/18 MP: 1/1
   328 | D:1      | Found Tegraz's Assorted Antiques.
   334 | D:1      | Reached XP level 2. HP: 20/24 MP: 2/2
   769 | D:2      | Reached XP level 3. HP: 23/29 MP: 3/3
  1590 | D:3      | Reached XP level 4. HP: 35/37 MP: 4/4
  2205 | D:4      | Reached skill level 4 in Polearms
  2487 | D:4      | Noticed a necrophage
  2488 | D:4      | Noticed a phantom
  2488 | D:4      | Noticed an ogre
  2495 | D:4      | HP: 1/37 [ogre (24)]
  2497 | D:4      | Slain by a phantom

Illustrated notes

Levels and vault maps discovered:
D:1:      lightli_arrival_chessboard, layout_basic, serial_shops,
          nicolae_shop_overgrown_old_shop
D:2:      layout_rooms
D:3:      layout_loops_ring, minmay_misc_feat_square
D:4:      minmay_opposing_rooms, layout_rooms, elyvilon_altar_5,
          minmay_fire_ice_demons, uniq_eustachio

Skill      XL: |  1  2  3  4 |
---------------+-------------+-----
Polearms       | 4 |  4.0
Armour         | 3 |  3.1
Fighting       | |  3.9
Dodging        | |  0.3
Shields        | |  3.2

Action                   |  1- 3 |  4- 6 || total
-------------------------+-------+-------++-------
Melee: Trident           |    82 |    33 ||   115
  Use: Potion            |       |     1 ||     1
Armor: Scale mail        |    14 |       ||    14
       Chain mail        |    23 |    40 ||    63
Dodge: Dodged            |    40 |    21 ||    61
Block: Buckler           |    19 |    12 ||    31

Table legend: (Time is in decaauts)
 A = Elapsed time spent in this place.
 B = Non-inter-level travel time spent in this place.
 C = Inter-level travel time spent in this place.
 D = Time resting spent in this place.
 E = Time spent auto-exploring this place.
 F = Levels seen in this place.
 G = Mean time per level.
                   A        B        C        D        E       F      G
               +--------+--------+--------+--------+--------+-----+--------+
         Total |   2514 |   2495 |     19 |    230 |   1720 |   4 |  628.5 |
       Dungeon |   2514 |   2495 |     19 |    230 |   1720 |   4 |  628.5 |
               +--------+--------+--------+--------+--------+-----+--------+

Top non-repeatable levels by time:
     D:2: 865 daAuts
     D:1: 730 daAuts
     D:3: 615 daAuts
     D:4: 303 daAuts
